[Event "Late-Titled-Tuesday-Blitz-January-16-2024"]
[Site "Chess.com"]
[Date "2024.01.16"]
[Round "2"]
[White "nikitadovbnya2008"]
[Black "Arteler"]
[Result "1-0"]
[WhiteElo "2243"]
[BlackElo "2477"]
[TimeControl "180+1"]
[EndTime "14:12:40 PST"]
[Termination "nikitadovbnya2008 won by resignation"]

1. d4 c5 2. d5 f5 3. c4 Nf6 4.
Nc3 g6 5. h4 Bg7 6. h5 Nxh5 7.
e4 fxe4 8. Rxh5 gxh5 9. Qxh5+ Kf8 10. d6 e6 11. Bg5 Bxc3+ 12. bxc3 Qe8 13. Bh6+ 1-0

[Event "Late-Titled-Tuesday-Blitz-January-16-2024"]
[Site "Chess.com"]
[Date "2024.01.16"]
[Round "2"]
[White "jamengrand"]
[Black "annasargsyan_m"]
[Result "1-0"]
[WhiteElo "2362"]
[BlackElo "2588"]
[TimeControl "180+1"]
[EndTime "14:12:42 PST"]
[Termination "jamengrand won by checkmate"]

1. e4 c6 2. Nf3 d5 3. exd5 cxd5 4. Ne5 Nf6 5. d4 e6 6. Bd3 Bd6 7. c3 O-O 8. O-O Nbd7 9. Re1 Qc7 10. Bf4 Bxe5 11.
Bxe5 Nxe5 12. dxe5 Nd7 13. Qh5 g6 14. Qg5 Kg7 15.
Qg3 b6 16. Nd2 Bb7 17. Nf3 Nc5 18. Rad1 Rad8 19. Qh4 Ne4 20. Bxe4 dxe4 21. Ng5 Rxd1 22. Qxh7# 1-0

[Event "Late-Titled-Tuesday-Blitz-January-16-2024"]
[Site "Chess.com"]
[Date "2024.01.16"]
[Round "2"]
[White "Mariia89"]
[Black "MidnightFox"]
[Result "1-0"]
[WhiteElo "2208"]
[BlackElo "2483"]
[TimeControl "180+1"]
[EndTime "14:12:44 PST"]
[Termination "Mariia89 won by resignation"]

1. d4 Nf6 2. Nf3 g6 3. c4 Bg7 4. Nc3 d5 5. Bg5 dxc4 6. e3 O-O 7. Bxc4 a6 8. a4 Nc6 9. O-O Bg4 10. h3 Bxf3 11. Qxf3 Rb8 12. Rac1 Nb4 13. Rfd1 Qd6 14. Bf4 c6 15. Bxd6 exd6 1-0

[Event "Late-Titled-Tuesday-Blitz-January-16-2024"]
[Site "Chess.com"]
[Date "2024.01.16"]
[Round "2"]
[White "orestn"]
[Black "Ticondriul"]
[Result "0-1"]
[WhiteElo "2439"]
[BlackElo "2731"]
[TimeControl "180+1"]
[EndTime "14:12:49 PST"]
[Termination "Ticondriul won by resignation"]

1. e4 Nc6 2. Nf3 d5 3. exd5 Qxd5 4. Nc3 Qh5 5. Be2 Bg4 6. d3 Nf6 7. Be3 O-O-O 8. Qd2 e5 9. Bg5 Bb4 10. Bxf6 gxf6 11. a3 Bxc3 12. Qxc3 Nd4 13. Nxd4 exd4 14. Qd2 Bxe2 0-1

[Event "Late-Titled-Tuesday-Blitz-January-16-2024"]
[Site "Chess.com"]
[Date "2024.01.16"]
[Round "2"]
[White "Msb2"]
[Black "AGW2016"]
[Result "1-0"]
[WhiteElo "3039"]
[BlackElo "2613"]
[TimeControl "180+1"]
[EndTime "14:13:31 PST"]
[Termination "Msb2 won by resignation"]

1. d4 Nf6 2. c4 g6 3. Nc3 Bg7 4. e4 d6 5. Nf3 O-O 6. Be2 e5 7. Be3 exd4 8. Nxd4 Re8 9. f3 c6 10. Qd2 d5 11. exd5 cxd5 12. O-O Nc6 13. Rad1 Nxd4 14.
Bxd4 dxc4 15. Bxc4 Be6 16. Bb5 Re7 17. Qf2 Qa5 18.
Qh4 Rc7 19. Bxf6 Rxc3 20. Bxg7 Kxg7 21. Qd4+ Kg8 22. Qxc3 Qxb5 23. Rd2 Rc8 24. Qf6 1-0

[Event "Late-Titled-Tuesday-Blitz-January-16-2024"]
[Site "Chess.com"]
[Date "2024.01.16"]
[Round "2"]
[White "chessisveryfun1264"]
[Black "Sebastian"]
[Result "0-1"]
[WhiteElo "2581"]
[BlackElo "2962"]
[TimeControl "180+1"]
[EndTime "14:13:35 PST"]
[Termination "Sebastian won by resignation"]

1. Nf3 Nf6 2. g3 c5 3. Bg2 Nc6 4. O-O e5 5. c4 d5 6. cxd5 Nxd5 7. Nc3 Be6 8. a3 Be7 9. e3 O-O 10. d3 Qd7 11. Qe2 Rfd8 12. Rd1 Rac8 13. Bd2 f6 14. Rac1 b6 15. Be1 Nxc3 16. Bxc3 Bb3 17. Rd2 Nd4 18. exd4 cxd4 19. Bxd4 Rxc1+ 0-1

[Event "Late-Titled-Tuesday-Blitz-January-16-2024"]
[Site "Chess.com"]
[Date "2024.01.16"]
[Round "2"]
[White "IMRosen"]
[Black "IPAchess"]
[Result "1-0"]
[WhiteElo "2666"]
[BlackElo "2366"]
[TimeControl "180+1"]
[EndTime "14:13:46 PST"]
[Termination "IMRosen won by resignation"]

1. d4 d5 2. Bf4 Nf6 3. e3 e6 4. Nf3 Bd6 5. Ne5 O-O 6. Nd2 Nfd7 7. Bd3 f5 8. Ndf3 Nxe5 9. dxe5 Be7 10. h3 b6 11. Qe2 a5 12. g4 Ba6 13. gxf5 Bxd3 14.
Qxd3 Rxf5 15. Nd4 Rxf4 16. exf4 Qd7 17. f5 exf5 18. Qxf5 c5 19. e6 1-0

[Event "Late-Titled-Tuesday-Blitz-January-16-2024"]
[Site "Chess.com"]
[Date "2024.01.16"]
[Round "2"]
[White "NoHeThTo"]
[Black "Heretoflag"]
[Result "1-0"]
[WhiteElo "2712"]
[BlackElo "2382"]
[TimeControl "180+1"]
[EndTime "14:13:49 PST"]
[Termination "NoHeThTo won by checkmate"]

1. d4 Nf6 2. Nc3 d5 3. Bf4 e6 4. e3 a6 5. g4 c5 6. g5 Nfd7 7. Qg4 Nc6 8. O-O-O b5 9. Qg3 Qb6 10. e4 cxd4 11. exd5 dxc3 12. dxc6 cxb2+ 13. Kb1 Nc5 14. Bc7 Qxc6 15. Bg2 Ne4 16. Bxe4 Qxe4 17. Rd8+ Ke7 18. Qd6# 1-0

[Event "Late-Titled-Tuesday-Blitz-January-16-2024"]
[Site "Chess.com"]
[Date "2024.01.16"]
[Round "2"]
[White "Doudou2015"]
[Black "rdarruda"]
[Result "0-1"]
[WhiteElo "2219"]
[BlackElo "2509"]
[TimeControl "180+1"]
[EndTime "14:14:01 PST"]
[Termination "rdarruda won by resignation"]

1. b3 e5 2. Bb2 Nc6 3. e3 Nf6 4. Bb5 d6 5. Bxc6+ bxc6 6. d4 exd4 7. Qxd4 Be7 8. Nf3 O-O 9. Nc3 c5 10. Qd2 Bb7 11. O-O-O a5 12. a4 Ne4 13. Nxe4 Bxe4 14. h4 Bf6 15. Rdg1 c4 16. Nd4 cxb3 17. Nxb3 c5 18. f3 Bc6 19. g4 Bxb2+ 20. Kxb2 Bxa4 21. g5 Bxb3 22. cxb3 a4 23. bxa4 Rxa4 24. Ra1 Qb6+ 25. Kc2 Rc4+ 26. Kd1 Qb3+ 27. Ke1 Rc2 0-1

[Event "Late-Titled-Tuesday-Blitz-January-16-2024"]
[Site "Chess.com"]
[Date "2024.01.16"]
[Round "2"]
[White "NMJeevanK"]
[Black "vugarrasulov"]
[Result "0-1"]
[WhiteElo "2588"]
[BlackElo "2969"]
[TimeControl "180+1"]
[EndTime "14:14:03 PST"]
[Termination "vugarrasulov won by resignation"]

1. e4 e5 2. Nf3 Nc6 3. d4 exd4 4.
Nxd4 Bc5 5. Be3 Bb6 6. c3 Nf6 7. Nd2 O-O 8. Be2 Re8 9. Nxc6 bxc6 10. Bxb6 axb6 11. O-O Nxe4 12. Nxe4 Rxe4 13. Bf3 Re6 14. Qd4 Qf6 15. Qd2 d5 16. Rfe1 Rxe1+ 17. Rxe1 Be6 18.
b3 h6 19. Rc1 Qg5 20. Qb2 Rxa2 21. Qb1 Bf5 0-1

[Event "Late-Titled-Tuesday-Blitz-January-16-2024"]
[Site "Chess.com"]
[Date "2024.01.16"]
[Round "2"]
[White "LikeWater"]
[Black "Bkmzzzzz"]
[Result "1-0"]
[WhiteElo "2796"]
[BlackElo "2400"]
[TimeControl "180+1"]
[EndTime "14:14:06 PST"]
[Termination "LikeWater won by resignation"]

1. f4 d5 2. e3 e6 3. d4 f5 4. Nf3 Nf6 5. c4 c6 6. Nc3 Bb4 7. Ne5 O-O 8. Bd3 Nbd7 9. O-O Bxc3 10. bxc3 Ne4 11. Qc2 Nxe5 12. fxe5 b6 13. a4 Ba6 14. cxd5 Bxd3 15. Qxd3 cxd5 16. c4 dxc4 17. Qxc4 Qd7 18. Ba3 Rfc8 19. Qe2 Rc3 20. Bb4 Rb3 21. Qc4 Rxe3 22. a5 Rc8 23. Qa2 Qxd4 24. Qxe6+ 1-0

[Event "Late-Titled-Tuesday-Blitz-January-16-2024"]
[Site "Chess.com"]
[Date "2024.01.16"]
[Round "2"]
[White "m_ezat"]
[Black "gxbg2000"]
[Result "1-0"]
[WhiteElo "2454"]
[BlackElo "2081"]
[TimeControl "180+1"]
[EndTime "14:14:10 PST"]
[Termination "m_ezat won by resignation"]

1. d4 d5 2. c4 c6 3. Nc3 Nf6 4. cxd5 cxd5 5. Bf4 a6 6. e3 g6 7. h3 Bg7 8. Nf3 O-O 9. Bd3 Nc6 10. Rc1 Bd7 11.
O-O Rc8 12. Qe2 b5 13. a4 b4 14. Nb1 a5 15. Nbd2 Qb6 16. Nb3 Ne4 17. Nc5 Nxc5 18.
Rxc5 e6 19. Rfc1 Ne7 20. Bc7 Qb7 21. Ba6 Qa7 22. Bxc8 Nxc8 23. Rxa5 Qb7 24. Qa6 Qxa6 25. Rxa6 Ne7 26. Bd6 Re8 27. Ra7 1-0

[Event "Late-Titled-Tuesday-Blitz-January-16-2024"]
[Site "Chess.com"]
[Date "2024.01.16"]
[Round "2"]
[White "Bauman_Guy"]
[Black "chesspreceptor"]
[Result "1-0"]
[WhiteElo "2907"]
[BlackElo "2567"]
[TimeControl "180+1"]
[EndTime "14:14:20 PST"]
[Termination "Bauman_Guy won by resignation"]

1. e4 c6 2. d4 d5 3. e5 Bf5 4. h4 h5 5. Bd3 Bxd3 6. Qxd3 e6 7.
Nf3 Qa5+ 8. Nbd2 Qa6 9. c4 Nd7 10. b3 Ne7 11. O-O Nf5 12. Rd1 Be7 13. g3 Rd8 14. Nf1 O-O 15. Ne3 dxc4 16. bxc4 Nc5 17.
Qc2 Nxe3 18. Bxe3 Qa4 19. Qe2 Ne4 20. Rac1 Ba3 21. Rc2 Bb4 22. Rd3 Qa5 23. a3 Be7 24. Bf4 Qa4 25. Rc1 f5 26. exf6 Nxf6 27. Qxe6+ Rf7 1-0

[Event "Late-Titled-Tuesday-Blitz-January-16-2024"]
[Site "Chess.com"]
[Date "2024.01.16"]
[Round "2"]
[White "NikoTheodorou"]
[Black "reevecanada"]
[Result "1-0"]
[WhiteElo "3076"]
[BlackElo "2620"]
[TimeControl "180+1"]
[EndTime "14:14:33 PST"]
[Termination "NikoTheodorou won by checkmate"]

1. Nf3 d5 2. b3 Nd7 3. Bb2 Ngf6 4. g3 e6 5. Bg2 Bd6 6. O-O O-O 7. d3 e5 8. Nbd2 Re8 9. e4 c6 10. a3 b6 11. Re1 Bb7 12. Nh4 Bc7 13. Qe2 d4 14. Rf1 c5 15. Rae1 b5 16. Nf5 g6 17.
Nh6+ Kg7 18. Ng4 Nxg4 19. Qxg4 Nf6 20. Qd1 a6 21. f4 exf4 22. gxf4 Nh5 23. Qg4 Bc8 24.
f5 Qd6 25. Nf3 Bd7 26. b4 Kg8 27. bxc5 Qxc5 28. Bxd4 Qxa3 29. Ng5 Qd6 30. e5 Qb4 31. c3 Qa4 32. Bxa8 Rxa8 33. e6 fxe6 34. Nxh7 Be8 35. fxg6 Bd6 36. Qxe6+ Bf7 37. Qxf7# 1-0

[Event "Late-Titled-Tuesday-Blitz-January-16-2024"]
[Site "Chess.com"]
[Date "2024.01.16"]
[Round "2"]
[White "PawelCzarnota"]
[Black "19912131712118"]
[Result "1-0"]
[WhiteElo "2807"]
[BlackElo "2440"]
[TimeControl "180+1"]
[EndTime "14:14:43 PST"]
[Termination "PawelCzarnota won by resignation"]

1. e4 c5 2. Nf3 e6 3. d4 cxd4 4. Nxd4 Nc6 5. Nc3 a6 6. Nxc6 bxc6 7. Bd3 d5 8. O-O Nf6 9. Qf3 Be7 10. e5 Nd7 11.
Re1 c5 12. b3 Bb7 13. Qg3 g6 14. Bh6 Qc7 15. Rad1 O-O-O 16. Na4 Nb6 17. Nxb6+ Qxb6 18. Qf4 Bf8 19. Bg5 Rd7 20. Bf6 Rg8 21. c4 h6 22.
cxd5 Bxd5 23. Bc4 Bxc4 24. Rxd7 Kxd7 25. Qxc4 Be7 26. Rd1+ Ke8 27. Qd3 1-0

[Event "Late-Titled-Tuesday-Blitz-January-16-2024"]
[Site "Chess.com"]
[Date "2024.01.16"]
[Round "2"]
[White "GulamaliRises"]
[Black "FabianoCaruana"]
[Result "0-1"]
[WhiteElo "2612"]
[BlackElo "3029"]
[TimeControl "180+1"]
[EndTime "14:14:47 PST"]
[Termination "FabianoCaruana won by resignation"]

1. e4 c6 2. d4 d5 3. e5 Bf5 4. h4 h5 5. Bd3 Bxd3 6. Qxd3 e6 7. Nf3 Qa5+ 8. Nbd2 Nd7 9. O-O Be7 10. c4 Nh6 11. a3 Nf5 12. g3 O-O 13. b3 Rfd8 14. Bb2 dxc4 15. Nxc4 Qd5 16. b4 c5 17.
bxc5 Nxc5 18. Qe2 Na4 0-1

[Event "Late-Titled-Tuesday-Blitz-January-16-2024"]
[Site "Chess.com"]
[Date "2024.01.16"]
[Round "2"]
[White "Practical-Play"]
[Black "Verony64"]
[Result "1-0"]
[WhiteElo "2493"]
[BlackElo "2158"]
[TimeControl "180+1"]
[EndTime "14:14:47 PST"]
[Termination "Practical-Play won by checkmate"]

1. d4 d6 2. Nf3 c6 3. c4 Nd7 4.
Nc3 e5 5. e4 g6 6. h4 Bg7 7.
Be3 Ngf6 8. Qd2 Ng4 9. Bg5 f6 10. Be3 h5 11. O-O-O Qe7 12. Kb1 O-O 13. d5 c5 14. Nh2 Nxe3 15. Qxe3 Kh7 16. g4 Bh6 17. Qf3 hxg4 18. Nxg4 Bf4 19. Ne2 f5 20. exf5 gxf5 21. Nxf4 fxg4 22. Bd3+ Kh6 23. Qxg4 Rf6 24. Qg5# 1-0

[Event "Late-Titled-Tuesday-Blitz-January-16-2024"]
[Site "Chess.com"]
[Date "2024.01.16"]
[Round "2"]
[White "semchik73"]
[Black "MyDream003"]
[Result "0-1"]
[WhiteElo "2411"]
[BlackElo "2855"]
[TimeControl "180+1"]
[EndTime "14:15:07 PST"]
[Termination "MyDream003 won by resignation"]

1. Nf3 Nf6 2. c4 b6 3. d4 Bb7 4.
g3 g6 5. Bg2 Bg7 6. O-O O-O 7.
Nc3 e6 8. Qc2 d5 9. Ne5 Nbd7 10.
f4 Qe7 11. b3 Rfd8 12. Nb5 c6 13. Ba3 c5 14. dxc5 Nxc5 15. Rfd1 a6 16. Nd4 Rac8 17. b4 Nce4 18. Qb3 dxc4 19. Nxc4 Bd5 20. b5 Qb7 21. Nc6 Re8 22. Ne7+ Rxe7 23. Bxe7 Qxe7 24. Rxd5 exd5 25. Nxb6 Qc5+ 26. Kh1 Nf2+ 0-1

[Event "Late-Titled-Tuesday-Blitz-January-16-2024"]
[Site "Chess.com"]
[Date "2024.01.16"]
[Round "2"]
[White "Akhayan"]
[Black "Sanyura"]
[Result "0-1"]
[WhiteElo "2361"]
[BlackElo "2635"]
[TimeControl "180+1"]
[EndTime "14:15:09 PST"]
[Termination "Sanyura won by resignation"]

1. e4 c5 2. Nf3 e6 3. d4 cxd4 4. Nxd4 Nf6 5. Nc3 Nc6 6. Qd3 Bb4 7. Nxc6 bxc6 8. Bd2 O-O 9. O-O-O d5 10. exd5 exd5 11.
Be2 Qa5 12. Kb1 Rb8 13. Ka1 d4 14. Nb1 Be6 15. b3 c5 16. Bxb4 Rxb4 17. Qa6 Qc7 18.
Bf3 Rb6 19. Qe2 a5 20. Rhe1 a4 21. Qe5 Qa7 22. Qxc5 axb3 23. cxb3 Bxb3 24. Rd2 Be6 25. Qxd4 Rfb8 26. Rc1 h6 27. g4 Bxa2 28. Rxa2 Rxb1+ 29. Rxb1 Qxd4+ 0-1

[Event "Late-Titled-Tuesday-Blitz-January-16-2024"]
[Site "Chess.com"]
[Date "2024.01.16"]
[Round "2"]
[White "FairChess_on_YouTube"]
[Black "aghasiyevkamal"]
[Result "1-0"]
[WhiteElo "3097"]
[BlackElo "2626"]
[TimeControl "180+1"]
[EndTime "14:15:10 PST"]
[Termination "FairChess_on_YouTube won on time"]

1. c4 e5 2. d3 Nf6 3. Nf3 Nc6 4.
g3 d5 5. cxd5 Nxd5 6. Bg2 Be7 7.
O-O O-O 8. Nbd2 Kh8 9. a3 a5 10. Nc4 Bf6 11. Bd2 a4 12. Rc1 Bg4 13. h3 Bxf3 14.
Bxf3 Nd4 15. Bg2 c6 16. Ne3 Nb3 17. Nxd5 cxd5 18. Rc2 Qd7 19. Bb4 Rfc8 20. e3 Qb5 21.
h4 Rc6 22. h5 h6 23. e4 d4 24. Bh3 Rxc2 25. Qxc2 1-0

[Event "Late-Titled-Tuesday-Blitz-January-16-2024"]
[Site "Chess.com"]
[Date "2024.01.16"]
[Round "2"]
[White "Korchmar_Vasiliy"]
[Black "ilya2700"]
[Result "1-0"]
[WhiteElo "2722"]
[BlackElo "2384"]
[TimeControl "180+1"]
[EndTime "14:15:12 PST"]
[Termination "Korchmar_Vasiliy won by resignation"]

1. Nf3 Nf6 2. g3 d5 3. Bg2 e6 4. O-O Be7 5. d3 O-O 6. Nbd2 c5 7. e4 Nc6 8. Re1 b6 9. e5 Nd7 10. Nf1 Qc7 11. Bf4 Bb7 12. h4 c4 13. d4 b5 14.
h5 Qb6 15. h6 g6 16. N1h2 Rae8 17. Ng4 f6 18. exf6 Bxf6 19. Nxf6+ Nxf6 20. Bd6 Rf7 21. Ng5 Rd7 22. Bc5 Qa5 23. Rxe6 Rxe6 24. Nxe6 Ne7 25. Qf3 1-0

[Event "Late-Titled-Tuesday-Blitz-January-16-2024"]
[Site "Chess.com"]
[Date "2024.01.16"]
[Round "2"]
[White "mr_gustavo"]
[Black "ThaBarWa"]
[Result "1-0"]
[WhiteElo "2750"]
[BlackElo "2398"]
[TimeControl "180+1"]
[EndTime "14:15:15 PST"]
[Termination "mr_gustavo won by resignation"]

1. Nf3 d5 2. g3 c5 3. Bg2 f6 4.
O-O e5 5. d3 Nc6 6. e4 d4 7. Nbd2 Bg4 8. a4 Qd7 9. Nc4 Nge7 10.
Qe1 g5 11. Nfd2 Ng6 12. f3 Be6 13. Nb3 b6 14. f4 gxf4 15. gxf4 Bxc4 16. dxc4 exf4 17.
e5 Ngxe5 18. Bxf4 Bd6 19. Bxe5 fxe5 20. Qe4 Rc8 21. Rae1 Kd8 22. Rf6 Kc7 23. Ref1 Rcf8 24.
Rf7 Rxf7 25. Rxf7 Qxf7 26. Qxc6+ Kb8 27. Qa8+ Kc7 28. Qb7+ 1-0

[Event "Late-Titled-Tuesday-Blitz-January-16-2024"]
[Site "Chess.com"]
[Date "2024.01.16"]
[Round "2"]
[White "krzyzan94"]
[Black "thesupera12"]
[Result "1-0"]
[WhiteElo "2819"]
[BlackElo "2540"]
[TimeControl "180+1"]
[EndTime "14:15:18 PST"]
[Termination "krzyzan94 won by resignation"]

1. Nf3 g6 2. e4 c5 3. Bc4 Bg7 4. d4 cxd4 5. c3 Nh6 6. cxd4 O-O 7. O-O d6 8. h3 a6 9. Bg5 b5 10. Bd5 Ra7 11. Qd2 Ng4 12. hxg4 Bxg4 13. Nh2 Bd7 14. Nc3 Nc6 15. Ne2 Qb6 16. Rad1 e6 17. Bxc6 Bxc6 18. d5 exd5 19. exd5 Bd7 20. Bh6 Re8 21. Bxg7 Rxe2 22.
Qxe2 1-0

[Event "Late-Titled-Tuesday-Blitz-January-16-2024"]
[Site "Chess.com"]
[Date "2024.01.16"]
[Round "2"]
[White "RCone"]
[Black "PNEPaul"]
[Result "1-0"]
[WhiteElo "2429"]
[BlackElo "1912"]
[TimeControl "180+1"]
[EndTime "14:15:20 PST"]
[Termination "RCone won by resignation"]

1. e4 e5 2. Bc4 Nc6 3. Nc3 Nf6 4.
d3 Be7 5. f4 Bc5 6. Nf3 d6 7. f5 Na5 8. Qe2 Nxc4 9. dxc4 h6 10. Be3 Bxe3 11. Qxe3 O-O 12. O-O c6 13. Rad1 Qe7 14.
Rd2 Rd8 15. Rfd1 a5 16. b3 Nh5 17. a4 Nf4 18. g3 Nh3+ 19. Kg2 Ng5 20. Ng1 Nh7 21. h4 Nf6 22. Qf3 Qc7 23. g4 b6 24.
g5 hxg5 25. hxg5 Nh7 26. Qh5 Qe7 27. Nf3 d5 28. Rh1 1-0

[Event "Late-Titled-Tuesday-Blitz-January-16-2024"]
[Site "Chess.com"]
[Date "2024.01.16"]
[Round "2"]
[White "LyonBeast"]
[Black "Malev212"]
[Result "1-0"]
[WhiteElo "3165"]
[BlackElo "2639"]
[TimeControl "180+1"]
[EndTime "14:15:22 PST"]
[Termination "LyonBeast won by resignation"]

1. e4 g6 2. d4 Bg7 3. Nc3 c5 4. Nf3 cxd4 5. Nxd4 Nc6 6. Be3 Nf6 7. Bc4 O-O 8. Bb3 d6 9. f3 Bd7 10. Qd2 a5 11. a4 Nxd4 12. Bxd4 Bc6 13. h4 e6 14. h5 Nxh5 15. Bxg7 Kxg7 16. g4 Nf6 17. Qh6+ Kg8 18. O-O-O Qe7 19. Ne2 Rfd8 20. g5 Nh5 21.
Nf4 Qf8 22. Nxh5 gxh5 23. Qf6 Qg7 24. Rxh5 Qxf6 25. gxf6 Kf8 26. Rxh7 Ke8 27. Bxe6 1-0

[Event "Late-Titled-Tuesday-Blitz-January-16-2024"]
[Site "Chess.com"]
[Date "2024.01.16"]
[Round "2"]
[White "MikeSailer"]
[Black "Bastiandash"]
[Result "0-1"]
[WhiteElo "2196"]
[BlackElo "2502"]
[TimeControl "180+1"]
[EndTime "14:15:24 PST"]
[Termination "Bastiandash won by resignation"]

1. d4 g6 2. Bf4 Bg7 3. e3 d6 4. Nf3 Nd7 5. c4 e5 6. Bg3 Qe7 7.
Be2 Ngf6 8. O-O O-O 9. Nc3 c6 10. h3 Re8 11. Re1 Nh5 12. Bh2 f5 13. b4 Nhf6 14. b5 e4 15. Nd2 g5 16. bxc6 bxc6 17.
d5 c5 18. Nb5 Ne5 19. Rb1 a6 20. Qa4 Bd7 21. Qb3 axb5 22. cxb5 Reb8 23. a4 Ng6 24.
Nc4 f4 25. a5 Rxb5 0-1

[Event "Late-Titled-Tuesday-Blitz-January-16-2024"]
[Site "Chess.com"]
[Date "2024.01.16"]
[Round "2"]
[White "Angry_Twin"]
[Black "StellarChess"]
[Result "1-0"]
[WhiteElo "2962"]
[BlackElo "2581"]
[TimeControl "180+1"]
[EndTime "14:15:25 PST"]
[Termination "Angry_Twin won by resignation"]

1. e4 Nc6 2. d4 e5 3. dxe5 Nxe5 4. Nf3 Qf6 5. Nc3 Nxf3+ 6. Qxf3 Qxf3 7. gxf3 c6 8. Bf4 Ne7 9. O-O-O Ng6 10. Be3 Bb4 11. f4 Ne7 12. Rg1 O-O 13. f5 b5 14. h4 f6 15. h5 Kf7 16. a3 Bxc3 17. bxc3 d5 18. f3 Bb7 19. Bc5 Rg8 20. Bd3 a6 21. Rde1 Rae8 22. a4 g5 23. fxg6+ hxg6 24. Bxe7 Rxe7 25.
hxg6+ Kg7 26. exd5 Rge8 27. Rxe7+ Rxe7 28. d6 Rd7 29. Rh1 Kg8 30. Rh7 Bc8 31. Bf5 1-0

[Event "Late-Titled-Tuesday-Blitz-January-16-2024"]
[Site "Chess.com"]
[Date "2024.01.16"]
[Round "2"]
[White "TangerineandLemon25"]
[Black "Godzillator"]
[Result "1-0"]
[WhiteElo "2607"]
[BlackElo "2342"]
[TimeControl "180+1"]
[EndTime "14:15:25 PST"]
[Termination "TangerineandLemon25 won by resignation"]

1. b3 d5 2. Bb2 c6 3. d3 Nf6 4.
Nd2 Bg4 5. h3 Bh5 6. Ngf3 e6 7.
g4 Bg6 8. g5 Nh5 9. e3 Bb4 10. a3 Ba5 11. b4 Bc7 12. Rg1 a5 13. Be2 h6 14. Nh4 hxg5 15. Nxg6 fxg6 16. Nf3 axb4 17.
axb4 Rxa1 18. Qxa1 Qe7 19. Rxg5 Nf6 20. Rxg6 Rxh3 21.
Bxf6 Rh1+ 22. Bf1 gxf6 23. Qxf6 Qxf6 24. Rxf6 Ke7 25. Rg6 Nd7 26. Ng5 Nf8 27. Rg7+ Kd6 28. c4 b6 29. c5+ bxc5 30. bxc5+ Kxc5 31. Rxc7 e5 32. d4+ exd4 33. exd4+ Kb6 34. Rf7 Ng6 35. Nf3 c5 36. Rf6+ 1-0

[Event "Late-Titled-Tuesday-Blitz-January-16-2024"]
[Site "Chess.com"]
[Date "2024.01.16"]
[Round "2"]
[White "Langua_Chess"]
[Black "enriquetejedor"]
[Result "0-1"]
[WhiteElo "2460"]
[BlackElo "2737"]
[TimeControl "180+1"]
[EndTime "14:15:30 PST"]
[Termination "enriquetejedor won by resignation"]

1. e4 d5 2. exd5 Nf6 3. d4 Bg4 4. Nf3 Qxd5 5. Be2 Nc6 6. h3 Bxf3 7. Bxf3 Qf5 8. O-O e6 9. c4 Rd8 10. d5 exd5 11. Re1+ Be7 12. cxd5 Nxd5 13. Qa4 O-O 14. Qb5 Nd4 15. Qxb7 Nxf3+ 16. gxf3 Qxf3 17. Nd2 Qxh3 18. Ne4 Bb4 19. Rf1 Bd6 20. Rd1 Bh2+ 21. Kh1 Be5+ 22.
Kg1 Qg4+ 0-1

[Event "Late-Titled-Tuesday-Blitz-January-16-2024"]
[Site "Chess.com"]
[Date "2024.01.16"]
[Round "2"]
[White "cristianserban1"]
[Black "finec2"]
[Result "1-0"]
[WhiteElo "2528"]
[BlackElo "2287"]
[TimeControl "180+1"]
[EndTime "14:15:35 PST"]
[Termination "cristianserban1 won by resignation"]

1. Nf3 Nf6 2. b3 g6 3. Bb2 Bg7 4. d4 O-O 5. e3 b6 6. Be2 Bb7 7.
O-O d6 8. c4 e6 9. Nc3 a6 10. Qc2 c5 11. Rfd1 Qe7 12. e4 Nc6 13.
d5 exd5 14. exd5 Nb8 15. Bd3 Nbd7 16. Re1 Qd8 17. h3 Re8 18. Nd2 Qc7 19. Nce4 Nxe4 20. Nxe4 Ne5 21. f4 Nxd3 22. Bxg7 Nxe1 23. Rxe1 Rxe4 24.
Rxe4 Kxg7 25. f5 Bc8 26. f6+ Kf8 27. Qd2 Be6 28. Qh6+ Ke8 29. dxe6 fxe6 30. Rxe6+ 1-0

[Event "Late-Titled-Tuesday-Blitz-January-16-2024"]
[Site "Chess.com"]
[Date "2024.01.16"]
[Round "2"]
[White "karinachess1"]
[Black "Polish_fighter3000"]
[Result "0-1"]
[WhiteElo "2625"]
[BlackElo "3096"]
[TimeControl "180+1"]
[EndTime "14:15:36 PST"]
[Termination "Polish_fighter3000 won by resignation"]

1. d4 f5 2. Nc3 d5 3. Bf4 a6 4. Nf3 Nf6 5. e3 e6 6. Bd3 c5 7. O-O Nc6 8. Nb1 c4 9. Be2 Bd6 10. b3 b5 11. a4 Rb8 12. axb5 axb5 13. Nc3 O-O 14. Rb1 b4 15. Na4 c3 16. Nc5 Ne4 17. Nd3 Bxf4 18. exf4 Qb6 19. Nde5 Nxe5 20. fxe5 Ra8 21. Ra1 Ba6 22. Bd3 Ra7 23. Qe2 Rfa8 24. Rad1 Bb7 25. Kh1 Ra2 26. Bxe4 dxe4 27. Ne1 Ba6 0-1

[Event "Late-Titled-Tuesday-Blitz-January-16-2024"]
[Site "Chess.com"]
[Date "2024.01.16"]
[Round "2"]
[White "N18player"]
[Black "A-Fier"]
[Result "0-1"]
[WhiteElo "2528"]
[BlackElo "2766"]
[TimeControl "180+1"]
[EndTime "14:15:37 PST"]
[Termination "A-Fier won by resignation"]

1. Nf3 b6 2. c4 Bb7 3. Nc3 c5 4.
e3 g6 5. d4 d6 6. d5 Bg7 7.
Bd3 Nd7 8. O-O Bxc3 9. bxc3 f5 10. Ng5 Nf8 11. e4 fxe4 12. Nxe4 Kd7 13. Re1 Kc7 14. Bf4 h6 15. h4 Bc8 16. Qf3 Bf5 17.
g4 Bxe4 18. Rxe4 Nf6 19. Re3 h5 20. g5 Ng4 21. Re2 Nd7 22. Rae1 Nde5 23. Qg3 Rf8 24. Bxg6 Nxg6 25. Rxe7+ Nxe7 26. Bxd6+ Kb7 27. Bxe7 Qd7 28. Bxf8 Rxf8 29. f3 Nf6 30. gxf6 Rxf6 31. Kf2 Qf5 32. d6 Ka6 33. Re2 Qd3 34. Kg2 Rxd6 35. Kh2 Qxe2+ 36. Kh3 Rd1 0-1

[Event "Late-Titled-Tuesday-Blitz-January-16-2024"]
[Site "Chess.com"]
[Date "2024.01.16"]
[Round "2"]
[White "GMCorinnaKopff"]
[Black "Perecke"]
[Result "0-1"]
[WhiteElo "2326"]
[BlackElo "2552"]
[TimeControl "180+1"]
[EndTime "14:15:37 PST"]
[Termination "Perecke won by resignation"]

1. d4 Nf6 2. c4 e6 3. Nf3 Bb4+ 4.
Nbd2 O-O 5. a3 Bxd2+ 6. Qxd2 b6 7. e3 Bb7 8. Bd3 d6 9. Qc2 Nbd7 10. b4 a5 11. Bb2 axb4 12. axb4 Rxa1+ 13. Bxa1 c5 14.
bxc5 bxc5 15. O-O Bxf3 16. gxf3 cxd4 17. exd4 h6 18. Bc3 Nh5 19. Kh1 Qf6 20. Be4 Nf4 21. Rg1 d5 22. cxd5 exd5 23. Bf5 Nb6 24. Rg3 Nc4 25.
Bb4 Ra8 26. Bc5 Ra1+ 27. Rg1 Rxg1+ 28. Kxg1 Qg5+ 29. Bg4 h5 30. h4 Qxh4 31. Qf5 Ne2+ 32. Kf1 Ne3+ 33. fxe3 Ng3+ 34. Kg2 Nxf5 35. Bxf5 Qg5+ 0-1